AoeStats
← vyrluky

Arabia

503192358Analyzed
1v1 RM · 1mo ago on Aug 30, 2026· 24m 10s· 2 players
Game mode
Random Map
Map size
Tiny (2 player)
Population
200
Speed
Normal
Resources
Standard
Victory
Conquest
Starting age
Dark Age
Ending age
Imperial Age
RankedLock teamsTeams togetherTeam positionsShared explorationLock speedFull tech treeHidden civsTurbo modeCheats
Victory
Defeat
🇨🇿 Magyars · Czechia
763
+15
🇨🇭 Britons · Switzerland
750
-37
D00MI
0:37 Loom
12:56 Feudal Age
14:22 Wheelbarrow
14:42 Horse Collar
14:50 Double-Bit Axe
vyrluky
9:43 Loom
12:06 Feudal Age
12:55 Horse Collar
13:01 Double-Bit Axe
19:37 Gold Mining
23:41 Castle Age
21:50 Stone Mining
22:17 Scale Barding Armor
23:26 Bloodlines
Connection lost

Rejoining the realm…

Still unreachable

The connection could not be restored.

Session expired

The server has moved on; the page needs a fresh start.